AoeStats
← ADominio

Hideout

508593274Analyzed
1v1 RM · 9d ago on Sep 23, 2026· 49m 31s· 2 players
Game mode
Random Map
Map size
Tiny (2 player)
Population
200
Speed
Normal
Resources
Standard
Victory
Conquest
Starting age
Dark Age
Ending age
Imperial Age
RankedLock teamsTeams togetherTeam positionsShared explorationLock speedFull tech treeHidden civsTurbo modeCheats
Victory
Defeat
🇩🇰 Spanish · Denmark
977
+16
🇲🇽 Magyars · Mexico
979
-16
Barry Bee Benson
6:45 Loom
9:33 Feudal Age
10:26 Double-Bit Axe
10:22 Horse Collar
12:46 Wheelbarrow
18:23 Castle Age
17:44 Town Watch
18:55 Padded Archer Armor
19:08 Bloodlines
20:17 Bow Saw
29:18 Leather Archer Armor
39:56 Imperial Age
37:59 Masonry
38:11 Ballistics
38:38 Scale Barding Armor
38:38 Husbandry
38:03 Light Cavalry
40:09 Fletching
40:43 Chain Barding Armor
41:42 Chemistry
40:56 Town Watch
42:23 Hand Cart
42:10 Heavy Plow
42:03 Gold Mining
42:46 Elite Conquistador
43:00 Hussar
43:57 Forging
44:46 Town Patrol
47:47 Ring Archer Armor
ADominio
2:44 Loom
10:52 Feudal Age
11:23 Double-Bit Axe
14:19 Town Watch
14:17 Horse Collar
14:35 Gold Mining
15:35 Wheelbarrow
15:23 Stone Mining
20:48 Castle Age
29:02 Fletching
31:45 Elite Skirmisher
31:52 Elite Skirmisher
33:44 Elite Skirmisher
36:06 Bodkin Arrow
39:20 Padded Archer Armor
44:11 Imperial Age
42:55 Leather Archer Armor
42:41 Scale Mail Armor
43:19 Ballistics
43:45 Scale Barding Armor
43:52 Bow Saw
44:30 Thumb Ring
45:08 Heavy Plow
46:00 Husbandry
Connection lost

Rejoining the realm…

Still unreachable

The connection could not be restored.

Session expired

The server has moved on; the page needs a fresh start.